 Dungeon Crawl Stone Soup version 0.27.1-34-g3ba077fa99 (webtiles) character file.

Game seed: 8340544967643054167

2141 xSliceyx the Thaumaturge (level 9, -2/55 HPs)
             Began as a Djinni Hedge Wizard on Feb 5, 2022.
             Killed from afar by a white imp (13 damage)
             ... with a puff of frost
             ... on level 7 of the Dungeon.
             The game lasted 00:33:58 (11956 turns).

xSliceyx the Thaumaturge (Djinni Hedge Wizard)     Turns: 11956, Time: 00:33:58

Health: -2/55      AC:  2    Str:  9    XL:     9   Next: 55%
Gold:   356        EV: 19    Int: 18    God:
                   SH:  0    Dex: 19

rFire    + . .     SeeInvis .   (weapon currently unavailable)
rCold    . . .     Faith    .   (shield currently unavailable)
rNeg     . . .     Spirit   .   (armour currently unavailable)
rPois    ∞         Reflect  .   (helmet currently unavailable)
rElec    .         Harm     .   (cloak currently unavailable)
rCorr    +         Rampage  .   (gloves currently unavailable)
Will     .....                  (boots unavailable)
Stlth    ++........             (no amulet)
HPRegen  0.18/turn              g - ring of resist corrosion
MPRegen  0.00/turn              C - ring of protection from fire

@: spider-form, wereblooded, flying
A: venomous fangs, flying, sickness immunity, tiny, (fire resistance 2), (cold
vulnerability 1), float, innate caster, hp casting, extra vitality 1
a: End Transformation


You were on level 7 of the Dungeon.
You were a venomous arachnid creature.
You visited 1 branch of the dungeon, and saw 7 of its levels.

You collected 356 gold pieces.

Inventory:

Hand Weapons
 q - a +0 long sword
 F - a +2 flail of protection (melded)
Missiles
 s - 7 atropa-tipped darts
 y - 21 poisoned darts
Armour
 b - a +0 robe (melded)
 t - a +0 helmet (melded)
 G - a scarf of invisibility (melded)
Magical Staves
 w - a staff of cold
Jewellery
 g - a ring of resist corrosion (left front leg)
 C - a ring of protection from fire (right front leg)
Wands
 r - a wand of iceblast (12)
 D - a wand of flame (24)
Scrolls
 d - 2 scrolls of fog {unknown}
 j - 4 scrolls of enchant armour
 l - a scroll of silence {unknown}
 m - 3 scrolls of enchant weapon
 n - a scroll of brand weapon {unknown}
 o - a scroll of fear {unknown}
 p - 2 scrolls of noise {unknown}
 v - 2 scrolls of blinking {unknown}
 B - 4 scrolls of teleportation {unknown}
 E - a scroll of immolation {unknown}
Potions
 a - a potion of resistance
 f - a potion of mutation {unknown}
 h - a potion of berserk rage {unknown}
 i - a potion of curing
 k - 2 potions of ambrosia
 u - a potion of cancellation {unknown}
 x - 2 potions of heal wounds


   Skills:
 - Level 2.1 Dodging
 - Level 1.5 Stealth
 + Level 9.6 Spellcasting


You had 5 spell levels left.
You knew the following spells:

 Your Spells              Type           Power      Damage    Failure   Level
a - Magic Dart            Conj           100%       1d8       1%          1
b - Blink                 Tloc           N/A        N/A       2%          2
c - Call Imp              Summ           43%        N/A       2%          2
d - Slow                  Hex            43%        N/A       2%          2
e - Conjure Flame         Conj/Fire      43%        6-21      3%          3
f - Mephitic Cloud        Conj/Pois/Air  43%        N/A       3%          3
g - Corona                Hex            47%        N/A       1%          1
h - Wereblood             Tmut           43%        N/A       2%          2
i - Ozocubu's Armour      Ice            43%        N/A       3%          3
j - Spider Form           Tmut/Pois      21%        N/A       3%          3
Your spell library was empty.

Dungeon Overview and Level Annotations

Branches:
Dungeon (7/15)
 Temple: D:4-7

Altars:

Shops:
D:5 (

Annotations:
D:2 1 runed translucent door, Crazy Yiuf


Innate Abilities, Weirdness & Mutations

You are a venomous arachnid creature.
You have poisonous fangs.
You are tiny and dextrous.
You are flying.
Your spellcasting is less reliable in this form.
Your armour is entirely melded.
You are incapable of wielding weapons or throwing items.
You are immune to sickness and miasma.
You are immune to poison.
((Your flesh is very heat resistant. (rF++)))
((You are vulnerable to cold. (rC-)))
You float through the air rather than walking.
You learn spells naturally, not from books.
Your magical power is your life essence.
You have superior vitality. (+4 HP)


Message History

The gnoll shaman is severely wounded.
The gnoll hits you from afar with a +0 spear.
You hit the gnoll shaman.
The gnoll shaman looks as sick as possible!
The gnoll shaman is almost dead.
The gnoll shaman closely misses you.
The gnoll hits the gnoll shaman with a +1 flail of protection!
The gnoll shaman is killed!
The gnoll hits you from afar with a +0 spear!
Casting: Spider Form (dangerous; 3% risk of failure)
Confirm with . or Enter, or press ? or * to list all spells.
Aiming: Slow (safe; 2% risk of failure)
Press: ? - help, Shift-Dir - straight line, f - gnoll
Aim: a gnoll, wielding a +0 spear (chance to affect: 84%)
The gnoll seems to slow down.
The gnoll laughs at nothing.
You hit the gnoll.
The gnoll is poisoned.
The gnoll is moderately wounded.
The gnoll closely misses you. The gnoll completely misses you.
You hit the gnoll but do no damage.
The gnoll looks even sicker.
The gnoll is moderately wounded.
The gnoll barely misses the gnoll.
The gnoll hits you from afar with a +0 spear!
You hit the gnoll but do no damage.
The gnoll is heavily wounded.
The gnoll misses you. x2
You hit the gnoll but do no damage.
The gnoll looks as sick as possible!
The gnoll is severely wounded.
The gnoll closely misses you.
You hit the gnoll but do no damage.
The gnoll looks as sick as possible!
The gnoll is severely wounded.
You feel a bit better.
You kill the gnoll!
The gnoll closely misses you. The white imp gestures at you.
The puff of frost hits you!
* * * LOW HITPOINT WARNING * * *
The white imp gestures at you. The puff of frost hits you!
You die...

#.<..# ...........# .
####.......##.#
............#
####.#g##.....
#.#5g...... ..# #.#)#
#### #.# #.#.#######.
#.# #.#.s....... #.#
# #.#.#.########.##.#
#.......... .....
#.....#.######.##
##...#.##.......#####
##.#.###.####..<....
#........# ##.#####
#######.## #.# ###
#.#


You could see a gnoll and a white imp.

Vanquished Creatures
  An orc warrior (D:6)
  A sky beast (D:5)
  2 ice beasts
  2 ogres
  3 necrophages
  A centaur (D:5)
  A phantom (D:5)
  Blork the orc (D:6)
  A water moccasin zombie (D:5)
  3 killer bees
  2 jellies (D:6)
  A centaur zombie (D:6)
  3 bullfrog zombies
  A centaur skeleton (D:6)
  4 hounds
  An orc priest (D:2)
  A bullfrog skeleton (D:5)
  A gnoll shaman (D:7)
  Jessica (D:3)
  An orc wizard (D:2)
  6 iguanas
  A killer bee zombie (D:5)
  Robin (D:4)
  A gnoll (D:7)
  7 adders
  A shadow imp (D:6)
  An ufetubus (D:6)
  2 adder skeletons (D:4)
  A worm (D:2)
  A dart slug (D:2)
  9 orcs
  5 bats
  3 endoplasms
  4 giant cockroaches
  19 goblins
  9 hobgoblins
  A jackal (D:1)
  A quokka (D:2)
  6 ball pythons
  5 frilled lizards
  7 kobolds
  7 rats
130 creatures vanquished.

Vanquished Creatures (collateral kills)
  An ogre (D:5)
  A scorpion (D:4)
  A centaur zombie (D:5)
  A jelly (D:4)
  An ufetubus (D:6)
  2 orcs
  3 jackals (D:1)
10 creatures vanquished.

Grand Total: 140 creatures vanquished

Notes
Turn   | Place    | Note
-------+----------+-------------------------------------------
     0 | D:1      | xSliceyx the Djinni Hedge Wizard began the quest for the
                  | Orb.
     0 | D:1      | Reached XP level 1. HP: 15/15 MP: 0/0
   380 | D:1      | Reached XP level 2. HP: 19/21 MP: 0/0
   717 | D:1      | Reached skill level 3 in Spellcasting
  1234 | D:1      | Reached XP level 3. HP: 23/25 MP: 0/0
  1234 | D:1      | Learned a level 1 spell: Corona
  1817 | D:2      | Reached XP level 4. HP: 8/31 MP: 0/0
  2269 | D:2      | Found a runed translucent door.
  2270 | D:2      | Noticed Crazy Yiuf
  2677 | D:2      | Reached skill level 4 in Spellcasting
  2801 | D:2      | Reached XP level 5. HP: 32/35 MP: 0/0
  2801 | D:2      | Learned a level 2 spell: Wereblood
  3181 | D:2      | Found a faded altar of an unknown god.
  3633 | D:3      | Noticed Jessica
  3651 | D:3      | Killed Jessica
  4291 | D:3      | Reached XP level 6. HP: 39/40 MP: 0/0
  4663 | D:4      | Reached skill level 5 in Spellcasting
  5059 | D:4      | Noticed Robin
  5075 | D:4      | Killed Robin
  5538 | D:4      | Reached XP level 7. HP: 11/45 MP: 0/0
  5538 | D:4      | Learned a level 3 spell: Ozocubu's Armour
  6138 | D:5      | Entered Level 5 of the Dungeon
  6285 | D:5      | Reached skill level 6 in Spellcasting
  7189 | D:5      | Reached XP level 8. HP: 43/50 MP: 0/0
  7360 | D:5      | Reached skill level 7 in Spellcasting
  8033 | D:5      | Found Susun's Weapon Emporium.
  8574 | D:5      | Reached skill level 8 in Spellcasting
  9292 | D:7      | HP: 1/50 [necrophage (3)]
  9683 | D:6      | Reached XP level 9. HP: 43/55 MP: 0/0
  9683 | D:6      | Learned a level 3 spell: Spider Form
 10341 | D:6      | Reached skill level 9 in Spellcasting
 10631 | D:6      | Noticed Blork the orc
 10644 | D:6      | Killed Blork the orc
 11661 | D:7      | HP: 1/55 [killer bee (3)]
 11956 | D:7      | Killed from afar by a white imp

Illustrated notes

Levels and vault maps discovered:
D:1:      grunt_arrival_lava_bath, layout_loops_corners
D:2:      layout_loops_corners, hellmonk_ecumenical_altar_leap_of_faith,
          minmay_splitting_lines, uniq_crazy_yiuf_cottage
D:3:      layout_rooms, corexii_leaking_fountain, eino_curves_01, uniq_jessica
D:4:      layout_loops_ring, kennysheep_flooded_box,
          hangedman_abyss_or_decor_passed, uniq_robin
D:5:      layout_loops_corners, serial_shops, shop
D:6:      layout_gridville, hangedman_abyss_or_decor_stabs, minmay_diced_spiral,
          uniq_blork_the_orc
D:7:      layout_loops_ring, nicolae_overflow_crystal_walls,
          minmay_temple_entry_waves, corexii_item_surrounded_by_moat

Skill      XL: |  1  2  3  4  5  6  7  8  9 |
---------------+----------------------------+-----
Spellcasting   | 3 4 5 6 8 9 |  9.6
Dodging        | |  2.1
Stealth        | |  1.5

Action                   |  1- 3 |  4- 6 |  7- 9 || total
-------------------------+-------+-------+-------++-------
Melee: Dagger            |     8 |       |       ||     8
       Long sword        |       |    28 |    24 ||    52
       Unarmed           |       |       |   119 ||   119
 Cast: Magic Dart        |    65 |   130 |   206 ||   401
       Call Imp          |     4 |     4 |     9 ||    17
       Slow              |     2 |    12 |    26 ||    40
       Corona            |       |     2 |    11 ||    13
       Blink             |       |     1 |     3 ||     4
       Wereblood         |       |     1 |     2 ||     3
       Conjure Flame     |       |     1 |       ||     1
       Ozocubu's Armour  |       |       |     7 ||     7
       Spider Form       |       |       |     9 ||     9
       Mephitic Cloud    |       |       |     1 ||     1
  Use: Potion            |       |       |     5 ||     5
       Scroll            |       |       |     6 ||     6
 Stab: Distracted        |       |       |     1 ||     1
Armor: Robe              |     3 |     9 |    54 ||    66
       Skin              |       |       |    11 ||    11
Dodge: Dodged            |    14 |    19 |   181 ||   214
       Rpst.: Long sword |       |     2 |    18 ||    20
